 Dungeon Crawl Stone Soup version 0.29.1-2-gbd0b4ee654 (webtiles) character file.

Game seed: 5571522090814131130

88 whiskeysaurus the Conjurer (level 4, 0/24 HPs)
             Began as a Deep Elf Conjurer on Nov 23, 2022.
             Slain by an adder (1 damage)
             ... on level 3 of the Dungeon.
             The game lasted 00:04:45 (2528 turns).

whiskeysaurus the Conjurer (Deep Elf Conjurer)      Turns: 2528, Time: 00:04:46

Health: 0/24       AC:  3    Str:  4    XL:     4   Next: 30%
Magic:  9/11       EV: 13    Int: 25    God:
Gold:   99         SH:  0    Dex: 13    Spells: 5/10 levels left

rFire   . . .      SeeInvis .   (no weapon)
rCold   . . .      Faith    .   (no shield)
rNeg    . . .      Spirit   .   a - +0 robe
rPois   .          Reflect  .   (no helmet)
rElec   .          Harm     .   k - +0 cloak
rCorr   .          Rampage  .   (no gloves)
Will    .....                   (no boots)
Stlth   ++........              (no amulet)
HPRegen 0.08/turn               m - ring of wizardry
MPRegen 0.12/turn               (no ring)

@: brilliant, lethally poisoned (0 -> -5)
A: no striking features
a: no special abilities


You were on level 3 of the Dungeon.
You visited 1 branch of the dungeon, and saw 3 of its levels.

You collected 99 gold pieces.

Inventory:

Armour
 a - a +0 robe (worn)
 k - a +0 cloak (worn)
Jewellery
 m - a ring of wizardry (left hand)
 n - a +4 ring of evasion
Scrolls
 c - 2 scrolls of identify
 d - a scroll of teleportation {unknown}
 e - 2 scrolls of butterflies {unknown}
 i - a scroll of poison {unknown}
 j - a scroll of enchant armour {unknown}
 o - a scroll of noise {unknown}
Potions
 f - 2 potions of ambrosia
 g - 2 potions of brilliance
 l - a potion of haste {unknown}


   Skills:
 + Level 3.2 Dodging
 + Level 3.1 Stealth
 + Level 3.6 Spellcasting
 + Level 4.8 Conjurations
 * Level 2.9 Hexes


You had 5 spell levels left.
You knew the following spells:

 Your Spells              Type           Power      Damage    Failure   Level
a - Magic Dart            Conj           100%       1d8       1%          1
b - Fulminant Prism       Conj/Hex       18%        3d11      8%          4

Your spell library contained the following spells:

 Spells                   Type           Power      Damage    Failure   Level
 Slow                     Hex            100%       N/A       1%          1
 Searing Ray              Conj           86%        2d7       1%          2
 Dazzling Flash           Conj/Hex       72%        N/A       2%          3
 Confusing Touch          Hex            29%        N/A       3%          3
 Call Imp                 Summ           6%         N/A       6%          2
 Mephitic Cloud           Conj/Pois/Air  18%        N/A       6%          3
 Vampiric Draining        Necr           6%         2d6       12%         3
 Iskenderun's Mystic Bla  Conj/Tloc      24%        2d7       14%         4
 Anguish                  Hex/Necr       8%         N/A       21%         4
 Enfeeble                 Hex            14%        N/A       100%        7


Dungeon Overview and Level Annotations

Branches:
Dungeon (3/15)

Altars:
Ru

Annotations:
D:3 1 runed translucent door, sigtrap's ghost, amateur SpVM


Message History

The adder bites you. The adder closely misses you.
Casting: Magic Dart (safe; 1% risk of failure)
Confirm with . or Enter, or press ? or * to list all spells.
You don't have enough magic to cast this spell.
Magic courses through your body. The adder bites you.
* * * LOW HITPOINT WARNING * * *
The adder bites you.
* * * LOW HITPOINT WARNING * * *
You are lethally poisoned!
The adder poisons you!
It was a potion of brilliance.
You feel clever all of a sudden.
* * * LOW HITPOINT WARNING * * *
You feel sick. The adder bites you.
* * * LOW HITPOINT WARNING * * *
The adder misses you.
It was a potion of curing.
You feel better. The adder bites you. The adder closely misses you.
Sigtrap's ghost whispers, "You will understand me better in a moment."
The adder barely misses you.
Casting: Magic Dart (safe; 1% risk of failure)
Confirm with . or Enter, or press ? or * to list all spells.
The spell is extremely dangerous to miscast (8% risk of failure)!
Continue anyway?
Aiming: Fulminant Prism (extremely dangerous; 8% risk of failure)
Press: ? - help, Dir - move target, p - adder You feel a surge of power!
You conjure a prism of explosive energy!
A fulminant prism comes into view.
The adder bites you.
* * * LOW HITPOINT WARNING * * *
The adder bites you.
* * * LOW HITPOINT WARNING * * *
You are lethally poisoned!
The adder poisons you! The adder misses you.
* * * LOW HITPOINT WARNING * * *
You feel sick. The adder bites you.
* * * LOW HITPOINT WARNING * * *
Your fulminant prism crackles loudly.
The adder attacks as you move away! The adder bites you.
You die...

..# #....########.# .# #.### ..#
#..........##.##.# #####.#..
..###......###.##.#.. #.....#.#
...##......# #.##.#.# #.....#.#
.#..#......# #....#.#####.)...#..
.##.#....### #................#..
###...#### #................#..
#.....######................##.
#.............@................
#.....######*SS##.####.....##..
######### ##W###.####.....##..
.....# #~~~#.......)...##..
.....# #~~~#...........####
.....# #~w~#...............
.....#########~~~#.........#####.
.....#.......#~?~#.........# #.
.....#.#######~~~#.........#####.


You could see a worm, sigtrap's ghost, 2 adders and a friendly fulminant prism.

Vanquished Creatures
  A hound (D:3)
  A river rat (D:3)
  An adder (D:3)
  A dart slug (D:2)
  An orc (D:3)
  3 endoplasms
  6 goblins
  A hobgoblin (D:1)
  4 jackals (D:3)
  2 quokkas
  4 ball pythons
  4 bats
  A frilled lizard (D:1)
  2 kobolds
  3 rats
35 creatures vanquished.

Vanquished Creatures (others)
  3 fulminant prisms (D:3)
3 creatures vanquished.

Grand Total: 38 creatures vanquished

Notes
Turn   | Place    | Note
-------+----------+-------------------------------------------
     0 | D:1      | whiskeysaurus the Deep Elf Conjurer began the quest for the
                  | Orb.
     0 | D:1      | Reached XP level 1. HP: 10/10 MP: 6/6
   324 | D:1      | Found a faded altar of an unknown god.
   577 | D:1      | You fall into a shaft and drop 1 floor!
   610 | D:2      | Reached skill level 1 in Hexes
   910 | D:1      | Reached XP level 2. HP: 15/15 MP: 6/8
  1201 | D:2      | Found a sacrificial altar of Ru.
  1619 | D:3      | Found a runed translucent door.
  1653 | D:3      | Noticed sigtrap's ghost (amateur SpVM)
  1781 | D:3      | Reached XP level 3. HP: 19/19 MP: 4/9
  1923 | D:3      | Found a runed translucent door.
  2047 | D:3      | Reached XP level 4. HP: 24/24 MP: 4/11
  2052 | D:3      | Learned a level 4 spell: Fulminant Prism
  2527 | D:3      | HP: 1/24 [adder (3)]
  2528 | D:3      | Slain by an adder

Illustrated notes

Levels and vault maps discovered:
D:1:      scummos_arrival_checkerplants, layout_basic, basic_ecumenical_altar,
          minmay_domino_2
D:2:      layout_rooms, basic_altar
D:3:      layout_basic, ebering_ghost_sewer_f

Skill      XL: |  1  2  3 |
---------------+----------+-----
Hexes          | 1 2 |  2.9
Dodging        | 3 |  3.2
Stealth        | 3 |  3.1
Spellcasting   | |  3.6
Conjurations   | |  4.8

Action                   |  1- 3 |  4- 6 || total
-------------------------+-------+-------++-------
 Cast: Magic Dart        |    56 |     9 ||    65
       Fulminant Prism   |       |     4 ||     4
  Use: Scroll            |     1 |       ||     1
       Potion            |       |     3 ||     3
Dodge: Dodged            |     2 |     7 ||     9
